Toronto Maple Leafs vs St.Louis Blues
Created - Wednesday, March 19, 2025 at 09:00
Goals
|
| Toronto Maple Leafs |
0 |
1 |
0 |
0 |
0 |
1 |
| St.Louis Blues |
0 |
1 |
0 |
0 |
1 |
2 |
|
Shots
|
| Toronto Maple Leafs |
12 |
9 |
12 |
0 |
3 |
33 |
| St.Louis Blues |
5 |
12 |
5 |
0 |
2 |
22 |
|
1st period
No Goal
Penalties :
Jack Eichel (STL) for Cross-checking (Minor) at 4:38, Sam Bennett (TOR) for Slashing (Minor) at 9:15
2nd period
1. Toronto Maple Leafs , Brady Tkachuk 14 (Tomas Hertl 33, Ryan Pulock 10) at 11:15
2. St.Louis Blues , Mikhail Sergachev 2 (Brayden Point 23, Robert Thomas 17) at 19:11
Penalties :
Brady Tkachuk (TOR) for Holding (Minor) at 4:56, Dakota Joshua (STL) for Delaying the game (Minor) at 12:32
3rd period
No Goal
Penalties :
Alex Pietrangelo (STL) for Tripping (Minor) at 0:16, Alex Pietrangelo (STL) for Interference (Minor) at 9:33, Alex Tuch (STL) for Holding (Minor) at 15:35
Overtime #1
No Goal
Penalties :
No Penalty
Shootout
Toronto Maple Leafs, Brady Tkachuk - Stopped by Connor Hellebuyck
St.Louis Blues, Elias Pettersson - Goal!
Toronto Maple Leafs, Tomas Hertl - Shot Misses the Net
St.Louis Blues, Jack Eichel - Shot Misses the Net
Toronto Maple Leafs, Nick Bjugstad - Stopped by Connor Hellebuyck
Penalties :
No Penalty
Goalie Stats
Cam Talbot (TOR), 21 saves from 22 shots - (0.955), OTL, 11-6-2, 65:00 minutes
Connor Hellebuyck (STL), 32 saves from 33 shots - (0.970), W, 16-5-3, 65:00 minutes
Players Stats for Toronto Maple Leafs
Player Name G A P +/- PIM S H SB GA TA FO MP PP MP PK MP
------------------------------------------------------------------------------------
Aaron Ekblad 0 0 0 1 0 0 0 3 0 0 0/0 24:16 4:57 2:01
Andrew Mangiapane 0 0 0 0 0 4 0 0 1 1 1/1 9:25 0:00 0:00
Brady Tkachuk 1 0 1 1 2 6 4 0 0 0 0/0 20:07 4:52 0:09
Brandon Saad 0 0 0 0 0 0 0 0 0 0 0/0 11:03 0:06 0:00
Cody Ceci 0 0 0 0 0 1 2 1 0 1 0/0 20:11 0:00 2:01
Dougie Hamilton 0 0 0 -1 0 1 2 0 0 0 0/0 19:37 4:57 0:00
Mario Ferraro 0 0 0 0 0 1 2 0 0 0 0/0 19:58 0:00 1:57
Nick Bjugstad 0 0 0 0 0 1 1 0 2 0 1/1 20:48 5:03 1:38
Nicolas Roy 0 0 0 -1 0 3 2 1 1 0 1/1 13:07 0:00 2:05
Nino Niederreiter 0 0 0 -1 0 0 1 0 0 2 2/2 12:16 0:00 0:15
Quinton Byfield 0 0 0 0 0 4 2 1 1 0 2/3 16:47 4:57 0:00
Ryan Pulock 0 1 1 1 0 2 1 1 0 0 0/0 24:56 4:58 1:57
Sam Bennett 0 0 0 -1 2 3 1 0 1 0 0/4 12:48 0:06 0:00
Scott Laughton 0 0 0 0 0 1 5 0 0 0 3/5 11:27 0:00 1:38
Sean Walker 0 0 0 -1 0 1 1 2 0 1 0/0 21:02 4:58 0:00
Tomas Hertl 0 1 1 1 0 2 2 0 1 0 7/14 21:46 4:52 2:11
Troy Terry 0 0 0 1 0 3 1 0 1 1 1/1 17:50 4:52 0:00
Wyatt Johnston 0 0 0 0 0 0 0 0 0 0 9/20 18:36 4:57 0:00
Players Stats for St.Louis Blues
Player Name G A P +/- PIM S H SB GA TA FO MP PP MP PK MP
------------------------------------------------------------------------------------
Alex Pietrangelo 0 0 0 -1 4 1 0 2 0 0 0/0 21:33 0:00 0:00
Alex Tuch 0 0 0 0 2 1 1 0 1 1 0/0 16:27 1:47 3:48
Brandon Hagel 0 0 0 1 0 2 4 0 0 0 0/0 15:01 1:45 0:00
Brayden Point 0 1 1 1 0 4 2 0 0 1 0/0 16:10 2:13 0:00
Colton Parayko 0 0 0 -1 0 0 3 3 0 1 0/0 26:36 0:00 5:18
Dakota Joshua 0 0 0 0 2 0 1 0 0 0 0/0 7:46 0:00 0:00
Elias Lindholm 0 0 0 0 0 4 1 0 1 0 5/8 16:51 1:45 4:45
Elias Pettersson 0 0 0 -1 0 1 3 1 1 1 0/0 20:42 2:11 1:12
Jaccob Slavin 0 0 0 1 0 2 1 4 0 1 0/0 22:22 0:00 5:30
Jack Eichel 0 0 0 -1 2 0 0 2 1 0 10/23 20:18 2:11 0:00
Jake Guentzel 0 0 0 -1 0 2 1 0 0 0 1/1 19:48 2:13 0:10
Jake Sanderson 0 0 0 0 0 0 0 2 0 0 0/0 2:50 0:00 0:29
Lars Eller 0 0 0 0 0 1 2 0 2 0 3/7 12:36 0:00 4:48
Logan O'Connor 0 0 0 0 0 0 2 0 0 0 0/0 12:50 0:00 4:48
Mark Stone 0 0 0 0 0 0 3 0 0 0 0/0 13:03 1:45 0:00
Mikhail Sergachev 1 0 1 1 0 2 0 1 0 3 0/0 26:44 1:47 3:23
Nick Leddy 0 0 0 0 0 0 0 0 0 0 0/0 19:39 0:00 4:04
Robert Thomas 0 1 1 1 0 2 1 0 0 0 6/13 18:44 2:13 1:25
3 Stars
1 - Connor Hellebuyck (STL)
2 - Mikhail Sergachev (STL)
3 - Brady Tkachuk (TOR)
Power Play
Toronto Maple Leafs - 0 on 5 Attempt(s) - 0.00%
St.Louis Blues - 0 on 2 Attempt(s) - 0.00%
Penalty Kill
Toronto Maple Leafs - 2 on 2 Attempt(s) - 100.00%
- Score 0 goal in Penalty Kill
St.Louis Blues - 5 on 5 Attempt(s) - 100.00%
- Score 0 goal in Penalty Kill
Team Stat
Toronto Maple Leafs - Hits : 27 - Faceoff Wins : 27 - Blocked Shots : 9 - Penalty Minutes : 4
St.Louis Blues - Hits : 25 - Faceoff Wins : 25 - Blocked Shots : 15 - Penalty Minutes : 10
Official
Referees : Francis Charron and Kelly Sutherland
Linesman : Steve Barton and Jesse Marquis
Game Notes
Jake Sanderson is injured at 5:07 of 1st period (Right Hand)
11:15 of 2nd period - Toronto Maple Leafs goal is going for a video replay. After video review, Goal.
Finance
Level 1 -- Attendance: 5784 (96.40%) -- Ticket Income $549,480
Level 2 -- Attendance: 5000 (100.00%) -- Ticket Income $285,000
Level 3 -- Attendance: 2694 (89.80%) -- Ticket Income $88,902
Level 4 -- Attendance: 4484 (89.68%) -- Ticket Income $103,132
Luxury Box -- Attendance: 1000 (100.00%) -- Ticket Income $194,000
Game was played at the Scottrade Center.
Total Attendance: 18962 (94.81%)
Total Ticket Income: $1,220,514
Other Income: $427,180
Total Income: $1,647,694
Toronto Maple Leafs
5 vs 5 Forward
Center Left Wing Right Wing Time % Phy DF OF
1 Tomas Hertl Brady Tkachuk Troy Terry 30 1 2 2
2 Wyatt Johnston Quinton Byfield Nick Bjugstad 30 1 2 2
3 Sam Bennett Nino Niederreiter Nicolas Roy 25 1 2 2
4 Scott Laughton Brandon Saad Andrew Mangiapane 15 1 2 2
5 vs 5 Defense
Defense Defense Time % Phy DF OF
1 Ryan Pulock Aaron Ekblad 35 1 2 2
2 Mario Ferraro Cody Ceci 35 1 2 2
3 Dougie Hamilton Sean Walker 25 1 2 2
4 Dougie Hamilton Sean Walker 5 1 2 2
PowerPlay Forward
Center Left Wing Right Wing Time % Phy DF OF
1 Tomas Hertl Brady Tkachuk Troy Terry 50 1 2 2
2 Wyatt Johnston Quinton Byfield Nick Bjugstad 50 1 2 2
PowerPlay Defense
Defense Defense Time % Phy DF OF
1 Aaron Ekblad Dougie Hamilton 50 1 2 2
2 Ryan Pulock Sean Walker 50 1 2 2
Penalty Kill 4 Players Forward
Center Wing Time % Phy DF OF
1 Nick Bjugstad Scott Laughton 50 1 2 2
2 Tomas Hertl Nicolas Roy 50 1 2 2
Penalty Kill 4 Players Defense
Defense Defense Time % Phy DF OF
1 Ryan Pulock Mario Ferraro 50 1 2 2
2 Aaron Ekblad Cody Ceci 50 1 2 2
Penalty Kill - 3 Players Forward
Forward Time % Phy DF OF
1 Nick Bjugstad 50 1 2 2
2 Scott Laughton 50 1 2 2
Penalty Kill - 3 Players Defense
Defense Defense Time % Phy DF OF
1 Ryan Pulock Mario Ferraro 50 1 2 2
2 Aaron Ekblad Cody Ceci 50 1 2 2
4 vs 4 Forward
Center Wing Time % Phy DF OF
1 Wyatt Johnston Nick Bjugstad 50 1 2 2
2 Tomas Hertl Brady Tkachuk 50 1 2 2
4 vs 4 Defense
Defense Defense Time % Phy DF OF
1 Sean Walker Aaron Ekblad 50 1 2 2
2 Dougie Hamilton Ryan Pulock 50 1 2 2
Last Minutes Offensive
Center Left Wing Right Wing Defense Defense
Tomas Hertl Brady Tkachuk Troy Terry Dougie Hamilton Aaron Ekblad
Last Minutes Defensive
Center Left Wing Right Wing Defense Defense
Tomas Hertl Scott Laughton Nick Bjugstad Aaron Ekblad Ryan Pulock
Goaltenders
Starting : Cam Talbot
Backup : Frederik Andersen
Extra Forwards
Normal : Sam Bennett, Brandon Saad, Nino Niederreiter - PP : Sam Bennett, Brandon Saad - PK : Nino Niederreiter
Extra Defensemen
Normal : Sean Walker, Dougie Hamilton, Cody Ceci - PP : Mario Ferraro - PK : Dougie Hamilton, Sean Walker
Penalty Shots
Brady Tkachuk, Tomas Hertl, Nick Bjugstad, Wyatt Johnston, Quinton Byfield
Scratches
Bowen Byram (Healthy), Kyle Okposo (Healthy), Warren Foegele (Healthy), Luke Schenn (Healthy), Pierre Engvall (Healthy)
St.Louis Blues
5 vs 5 Forward
Center Left Wing Right Wing Time % Phy DF OF
1 Jack Eichel Elias Pettersson Jake Guentzel 40 0 2 3
2 Robert Thomas Brandon Hagel Brayden Point 31 0 2 3
3 Elias Lindholm Alex Tuch Mark Stone 22 0 3 2
4 Lars Eller Dakota Joshua Logan O'Connor 7 1 2 2
5 vs 5 Defense
Defense Defense Time % Phy DF OF
1 Colton Parayko Alex Pietrangelo 45 1 2 2
2 Jake Sanderson Jaccob Slavin 35 1 2 2
3 Mikhail Sergachev Nick Leddy 20 1 2 2
4 Colton Parayko Alex Pietrangelo 0 1 2 2
PowerPlay Forward
Center Left Wing Right Wing Time % Phy DF OF
1 Robert Thomas Brayden Point Jake Guentzel 60 1 0 4
2 Elias Lindholm Brandon Hagel Mark Stone 40 1 0 4
PowerPlay Defense
Defense Defense Time % Phy DF OF
1 Jack Eichel Elias Pettersson 60 0 1 4
2 Alex Tuch Mikhail Sergachev 40 0 1 4
Penalty Kill 4 Players Forward
Center Wing Time % Phy DF OF
1 Lars Eller Logan O'Connor 50 1 4 0
2 Elias Lindholm Alex Tuch 50 1 4 0
Penalty Kill 4 Players Defense
Defense Defense Time % Phy DF OF
1 Jake Sanderson Colton Parayko 50 1 4 0
2 Jaccob Slavin Nick Leddy 50 1 4 0
Penalty Kill - 3 Players Forward
Forward Time % Phy DF OF
1 Elias Lindholm 50 0 5 0
2 Lars Eller 50 0 5 0
Penalty Kill - 3 Players Defense
Defense Defense Time % Phy DF OF
1 Jake Sanderson Colton Parayko 50 0 5 0
2 Nick Leddy Alex Pietrangelo 50 0 5 0
4 vs 4 Forward
Center Wing Time % Phy DF OF
1 Jack Eichel Jake Guentzel 50 0 2 3
2 Robert Thomas Brayden Point 50 0 2 3
4 vs 4 Defense
Defense Defense Time % Phy DF OF
1 Jake Sanderson Alex Pietrangelo 50 0 3 2
2 Colton Parayko Mikhail Sergachev 50 0 3 2
Last Minutes Offensive
Center Left Wing Right Wing Defense Defense
Robert Thomas Elias Pettersson Jake Guentzel Brayden Point Jack Eichel
Last Minutes Defensive
Center Left Wing Right Wing Defense Defense
Elias Lindholm Logan O'Connor Robert Thomas Jake Sanderson Colton Parayko
Goaltenders
Starting : Connor Hellebuyck
Backup : Scott Wedgewood
Extra Forwards
Normal : Brandon Hagel, Mark Stone, Alex Tuch - PP : Brandon Hagel, Dakota Joshua - PK : Robert Thomas
Extra Defensemen
Normal : Jake Sanderson, Mikhail Sergachev, Colton Parayko - PP : Mikhail Sergachev - PK : Jaccob Slavin, Nick Leddy
Penalty Shots
Elias Pettersson, Jack Eichel, Alex Tuch, Robert Thomas, Jake Guentzel
Scratches
Jack Roslovic (Healthy), Adam Pelech (Healthy)
% Time on Ice - Toronto Maple Leafs
Lines # - Real PCT - Wanted PCT - Time Play
Normal Forward
1 - 30% - 30% - 13:44
2 - 26% - 30% - 11:56
3 - 24% - 25% - 11:02
4 - 20% - 15% - 9:25
Normal Defense
1 - 35% - 35% - 16:13
2 - 38% - 35% - 17:40
3 - 25% - 25% - 11:34
4 - 1% - 5% - 0:40
PP Forward
1 - 49% - 50% - 4:52
2 - 51% - 50% - 5:03
PP Defense
1 - 50% - 50% - 4:57
2 - 50% - 50% - 4:58
PK Forward
1 - 42% - 50% - 1:41
2 - 58% - 50% - 2:17
PK Defense
1 - 49% - 50% - 1:57
2 - 51% - 50% - 2:01
PK3 Forward
1 - 0% - 50%
2 - 0% - 50%
PK3 Defense
1 - 0% - 50%
2 - 0% - 50%
44 Forward
1 - 48% - 50% - 2:23
2 - 52% - 50% - 2:37
44 Defense
1 - 54% - 50% - 2:42
2 - 46% - 50% - 2:18
Last Minute Offensive - 0:00
Last Minute Defensive - 0:00
Total
Forward - 65:00
Defense - 65:00
|
% Time on Ice - St.Louis Blues
Lines # - Real PCT - Wanted PCT - Time Play
Normal Forward
1 - 34% - 40% - 15:45
2 - 28% - 31% - 12:48
3 - 21% - 22% - 9:47
4 - 17% - 7% - 7:47
Normal Defense
1 - 43% - 45% - 19:49
2 - 39% - 35% - 17:58
3 - 18% - 20% - 8:20
4 - 0% - 0% - 0:00
PP Forward
1 - 56% - 60% - 2:13
2 - 44% - 40% - 1:45
PP Defense
1 - 55% - 60% - 2:11
2 - 45% - 40% - 1:47
PK Forward
1 - 48% - 50% - 4:48
2 - 52% - 50% - 5:07
PK Defense
1 - 59% - 50% - 5:51
2 - 41% - 50% - 4:04
PK3 Forward
1 - 0% - 50%
2 - 0% - 50%
PK3 Defense
1 - 0% - 50%
2 - 0% - 50%
44 Forward
1 - 53% - 50% - 2:38
2 - 47% - 50% - 2:22
44 Defense
1 - 88% - 50% - 4:23
2 - 12% - 50% - 0:37
Last Minute Offensive - 0:00
Last Minute Defensive - 0:00
Total
Forward - 65:00
Defense - 65:00
|
Play-by-Play
1st period
0:01 of 1st period - Tomas Hertl wins face-off versus Jack Eichel in neutral zone.
0:26 of 1st period - Ryan Pulock is hit by Colton Parayko and loses puck.
0:47 of 1st period - Snap shot by Brady Tkachuk.
0:47 of 1st period - Stopped by Connor Hellebuyck with a rebound.
0:49 of 1st period - Snap shot by Tomas Hertl.
0:49 of 1st period - Deflect By Brady Tkachuk.
0:49 of 1st period - Stopped by Connor Hellebuyck with a rebound.
0:51 of 1st period - Wrist shot by Tomas Hertl.
0:51 of 1st period - Deflect By Troy Terry.
0:51 of 1st period - Shot Misses the Net.
0:51 of 1st period - Puck is out of play.
0:52 of 1st period - Quinton Byfield wins face-off versus Robert Thomas in St.Louis Blues zone.
1:09 of 1st period - Wrist shot by Brayden Point.
1:09 of 1st period - Stopped by Cam Talbot without a rebound.
1:10 of 1st period - Jack Eichel wins face-off versus Sam Bennett in Toronto Maple Leafs zone.
1:19 of 1st period - Wrist shot by Jake Guentzel.
1:19 of 1st period - Stopped by Cam Talbot without a rebound.
1:20 of 1st period - Nicolas Roy wins face-off versus Jack Eichel in Toronto Maple Leafs zone.
1:20 of 1st period - Nicolas Roy is hit by Colton Parayko.
1:28 of 1st period - Snap shot by Sam Bennett.
1:28 of 1st period - Stopped by Connor Hellebuyck with a rebound.
1:30 of 1st period - Wrist shot by Nino Niederreiter.
1:30 of 1st period - Deflect By Jack Eichel.
1:30 of 1st period - Shot Blocked by Colton Parayko.
1:30 of 1st period - Puck is out of play.
1:31 of 1st period - Scott Laughton wins face-off versus Robert Thomas in St.Louis Blues zone.
1:40 of 1st period - Snap shot by Andrew Mangiapane.
1:40 of 1st period - Stopped by Connor Hellebuyck without a rebound.
1:41 of 1st period - Robert Thomas wins face-off versus Scott Laughton in St.Louis Blues zone.
1:51 of 1st period - Snap shot by Robert Thomas.
1:51 of 1st period - Deflect By Brayden Point.
1:51 of 1st period - Shot Misses the Net.
1:51 of 1st period - Puck is out of play.
1:52 of 1st period - Wyatt Johnston wins face-off versus Lars Eller in Toronto Maple Leafs zone.
2:05 of 1st period - Snap shot by Quinton Byfield.
2:05 of 1st period - Stopped by Connor Hellebuyck without a rebound.
2:06 of 1st period - Nino Niederreiter wins face-off versus Jack Eichel in St.Louis Blues zone.
2:55 of 1st period - Off-side.
2:56 of 1st period - Elias Lindholm wins face-off versus Scott Laughton in neutral zone.
3:25 of 1st period - Wrist shot by Andrew Mangiapane.
3:25 of 1st period - Stopped by Connor Hellebuyck with a rebound.
3:27 of 1st period - Snap shot by Mario Ferraro.
3:27 of 1st period - Stopped by Connor Hellebuyck with a rebound.
4:29 of 1st period - Wrist shot by Andrew Mangiapane.
4:29 of 1st period - Shot Blocked by Jake Sanderson.
4:31 of 1st period - Snap shot by Andrew Mangiapane.
4:31 of 1st period - Stopped by Connor Hellebuyck without a rebound.
4:32 of 1st period - Wyatt Johnston wins face-off versus Jack Eichel in St.Louis Blues zone.
4:38 of 1st period - Minor Penalty to Jack Eichel for Cross-checking.
4:39 of 1st period - Tomas Hertl wins face-off versus Lars Eller in St.Louis Blues zone.
5:07 of 1st period - Backhand shot by Quinton Byfield.
5:07 of 1st period - Deflect By Wyatt Johnston.
5:07 of 1st period - Shot Blocked by Jake Sanderson.
5:07 of 1st period - Jake Sanderson from St.Louis Blues is injured at 5:07 of 1st period (Right Hand).
5:08 of 1st period - Elias Lindholm wins face-off versus Wyatt Johnston in St.Louis Blues zone.
6:38 of 1st period - Penalty to Jack Eichel is over, Jack Eichel is back on ice.
7:19 of 1st period - Wrist shot by Jack Eichel.
7:19 of 1st period - Shot Misses the Net.
7:21 of 1st period - Slapshot by Alex Pietrangelo.
7:21 of 1st period - Stopped by Cam Talbot with a rebound.
7:23 of 1st period - Wrist shot by Elias Pettersson.
7:23 of 1st period - Stopped by Cam Talbot without a rebound.
7:24 of 1st period - Jack Eichel wins face-off versus Sam Bennett in Toronto Maple Leafs zone.
7:25 of 1st period - Snap shot by Jake Guentzel.
7:25 of 1st period - Stopped by Cam Talbot with a rebound.
7:27 of 1st period - Wrist shot by Jack Eichel.
7:27 of 1st period - Shot Blocked by Ryan Pulock.
7:46 of 1st period - Icing by Nicolas Roy.
7:47 of 1st period - Robert Thomas wins face-off versus Wyatt Johnston in Toronto Maple Leafs zone.
9:15 of 1st period - Minor Penalty to Sam Bennett for Slashing.
9:16 of 1st period - Nick Bjugstad wins face-off versus Robert Thomas in Toronto Maple Leafs zone.
9:51 of 1st period - Tomas Hertl is hit by Mark Stone and loses puck.
11:15 of 1st period - Penalty to Sam Bennett is over, Sam Bennett is back on ice.
11:25 of 1st period - Logan O'Connor is hit by Nick Bjugstad and loses puck.
14:03 of 1st period - Snap shot by Wyatt Johnston.
14:03 of 1st period - Shot Hit the Post.
14:43 of 1st period - Jaccob Slavin is hit by Mario Ferraro and loses puck.
15:20 of 1st period - Colton Parayko is hit by Ryan Pulock and loses puck.
15:31 of 1st period - Slapshot by Wyatt Johnston.
15:31 of 1st period - Shot Misses the Net.
15:33 of 1st period - Wrist shot by Quinton Byfield.
15:33 of 1st period - Shot Misses the Net.
15:47 of 1st period - Jack Eichel is hit by Nino Niederreiter and loses puck.
16:00 of 1st period - Robert Thomas is hit by Scott Laughton.
17:15 of 1st period - Lars Eller is hit by Scott Laughton and loses puck.
17:28 of 1st period - Cody Ceci is hit by Mark Stone and loses puck.
17:40 of 1st period - Icing by Nick Bjugstad.
17:41 of 1st period - Jack Eichel wins face-off versus Wyatt Johnston in Toronto Maple Leafs zone.
18:09 of 1st period - Wrist shot by Elias Lindholm.
18:09 of 1st period - Shot Misses the Net.
18:32 of 1st period - Off-side.
18:33 of 1st period - Tomas Hertl wins face-off versus Jack Eichel in neutral zone.
18:48 of 1st period - Wrist shot by Brady Tkachuk.
18:48 of 1st period - Stopped by Connor Hellebuyck with a rebound.
18:50 of 1st period - Snap shot by Ryan Pulock.
18:50 of 1st period - Stopped by Connor Hellebuyck without a rebound.
18:51 of 1st period - Robert Thomas wins face-off versus Sam Bennett in St.Louis Blues zone.
19:42 of 1st period - Snap shot by Scott Laughton.
19:42 of 1st period - Stopped by Connor Hellebuyck with a rebound.
19:44 of 1st period - Slapshot by Ryan Pulock.
19:44 of 1st period - Stopped by Connor Hellebuyck without a rebound.
19:45 of 1st period - Andrew Mangiapane wins face-off versus Elias Lindholm in St.Louis Blues zone.
Goals for this period are 0 for Toronto Maple Leafs vs 0 for St.Louis Blues.
Shots for this period are 12 for Toronto Maple Leafs vs 5 for St.Louis Blues.
2nd period
0:01 of 2nd period - Troy Terry wins face-off versus Jack Eichel in neutral zone.
0:04 of 2nd period - Jake Guentzel is hit by Tomas Hertl and loses puck.
0:14 of 2nd period - Icing by Elias Pettersson.
0:15 of 2nd period - Jack Eichel wins face-off versus Wyatt Johnston in St.Louis Blues zone.
0:40 of 2nd period - Colton Parayko is hit by Tomas Hertl and loses puck.
0:55 of 2nd period - Aaron Ekblad is hit by Brandon Hagel.
1:05 of 2nd period - Wrist shot by Sam Bennett.
1:05 of 2nd period - Stopped by Connor Hellebuyck without a rebound.
1:06 of 2nd period - Elias Lindholm wins face-off versus Sam Bennett in St.Louis Blues zone.
1:55 of 2nd period - Brayden Point is hit by Dougie Hamilton and loses puck.
2:34 of 2nd period - Alex Pietrangelo is hit by Scott Laughton and loses puck.
2:51 of 2nd period - Wrist shot by Troy Terry.
2:51 of 2nd period - Stopped by Connor Hellebuyck with a rebound.
2:59 of 2nd period - Snap shot by Jake Guentzel.
2:59 of 2nd period - Shot Misses the Net.
3:01 of 2nd period - Slapshot by Mikhail Sergachev.
3:01 of 2nd period - Stopped by Cam Talbot without a rebound.
3:02 of 2nd period - Wyatt Johnston wins face-off versus Robert Thomas in Toronto Maple Leafs zone.
3:11 of 2nd period - Jaccob Slavin is hit by Quinton Byfield and loses puck.
3:16 of 2nd period - Backhand shot by Quinton Byfield.
3:16 of 2nd period - Shot Blocked by Jaccob Slavin.
3:18 of 2nd period - Wrist shot by Quinton Byfield.
3:18 of 2nd period - Shot Misses the Net.
4:12 of 2nd period - Backhand shot by Andrew Mangiapane.
4:12 of 2nd period - Stopped by Connor Hellebuyck without a rebound.
4:13 of 2nd period - Scott Laughton wins face-off versus Jack Eichel in St.Louis Blues zone.
4:56 of 2nd period - Minor Penalty to Brady Tkachuk for Holding.
4:57 of 2nd period - Jake Guentzel wins face-off versus Tomas Hertl in Toronto Maple Leafs zone.
5:10 of 2nd period - Snap shot by Brayden Point.
5:10 of 2nd period - Stopped by Cam Talbot with a rebound.
5:33 of 2nd period - Snap shot by Elias Lindholm.
5:33 of 2nd period - Stopped by Cam Talbot with a rebound.
5:35 of 2nd period - Wrist shot by Brandon Hagel.
5:35 of 2nd period - Stopped by Cam Talbot without a rebound.
5:36 of 2nd period - Tomas Hertl wins face-off versus Robert Thomas in Toronto Maple Leafs zone.
6:56 of 2nd period - Penalty to Brady Tkachuk is over, Brady Tkachuk is back on ice.
7:04 of 2nd period - Snap shot by Brady Tkachuk.
7:04 of 2nd period - Shot Misses the Net.
7:10 of 2nd period - Mario Ferraro is hit by Lars Eller and loses puck.
8:11 of 2nd period - Mikhail Sergachev is hit by Troy Terry and loses puck.
8:22 of 2nd period - Lars Eller is hit by Scott Laughton and loses puck.
9:45 of 2nd period - Wyatt Johnston is hit by Lars Eller and loses puck.
9:56 of 2nd period - Jake Guentzel is hit by Sam Bennett and loses puck.
10:25 of 2nd period - Brandon Hagel is hit by Brady Tkachuk and loses puck.
10:39 of 2nd period - Off-side.
10:40 of 2nd period - Wyatt Johnston wins face-off versus Lars Eller in neutral zone.
10:45 of 2nd period - Snap shot by Wyatt Johnston.
10:45 of 2nd period - Shot Misses the Net.
10:47 of 2nd period - Backhand shot by Nick Bjugstad.
10:47 of 2nd period - Shot Blocked by Jaccob Slavin.
10:49 of 2nd period - Snap shot by Sean Walker.
10:49 of 2nd period - Stopped by Connor Hellebuyck without a rebound.
10:50 of 2nd period - Tomas Hertl wins face-off versus Jack Eichel in St.Louis Blues zone.
10:57 of 2nd period - Wrist shot by Troy Terry.
10:57 of 2nd period - Shot Blocked by Elias Pettersson.
10:59 of 2nd period - Backhand shot by Brady Tkachuk.
10:59 of 2nd period - Deflect By Troy Terry.
10:59 of 2nd period - Stopped by Connor Hellebuyck without a rebound.
11:00 of 2nd period - Tomas Hertl wins face-off versus Jack Eichel in St.Louis Blues zone.
11:07 of 2nd period - Slapshot by Troy Terry.
11:07 of 2nd period - Stopped by Connor Hellebuyck with a rebound.
11:09 of 2nd period - Snap shot by Tomas Hertl.
11:09 of 2nd period - Shot Misses the Net.
11:11 of 2nd period - Slapshot by Ryan Pulock.
11:11 of 2nd period - Shot Blocked by Alex Pietrangelo.
11:15 of 2nd period - Wrist shot by Brady Tkachuk.
11:15 of 2nd period - Toronto Maple Leafs goal is going for a video replay.
11:15 of 2nd period - The goal is good.
11:15 of 2nd period - Goal by Brady Tkachuk - Toronto Maple Leafs : 1 - St.Louis Blues : 0.
11:16 of 2nd period - Wyatt Johnston wins face-off versus Jack Eichel in neutral zone.
11:21 of 2nd period - Slapshot by Nick Bjugstad.
11:21 of 2nd period - Shot Blocked by Jack Eichel.
11:41 of 2nd period - Tomas Hertl is hit by Brayden Point and loses puck.
12:10 of 2nd period - Slapshot by Dakota Joshua.
12:10 of 2nd period - Deflect By Lars Eller.
12:10 of 2nd period - Shot Blocked by Sean Walker.
12:10 of 2nd period - Puck is out of play.
12:11 of 2nd period - Lars Eller wins face-off versus Wyatt Johnston in Toronto Maple Leafs zone.
12:12 of 2nd period - Snap shot by Dakota Joshua.
12:12 of 2nd period - Shot Blocked by Quinton Byfield.
12:14 of 2nd period - Snap shot by Jaccob Slavin.
12:14 of 2nd period - Stopped by Cam Talbot with a rebound.
12:16 of 2nd period - Slapshot by Dakota Joshua.
12:16 of 2nd period - Deflect By Lars Eller.
12:16 of 2nd period - Stopped by Cam Talbot with a rebound.
12:32 of 2nd period - Minor Penalty to Dakota Joshua for Delaying the game.
12:33 of 2nd period - Quinton Byfield wins face-off versus Elias Lindholm in St.Louis Blues zone.
13:06 of 2nd period - Jaccob Slavin is hit by Brady Tkachuk and loses puck.
13:53 of 2nd period - Wyatt Johnston is hit by Logan O'Connor and loses puck.
14:32 of 2nd period - Penalty to Dakota Joshua is over, Dakota Joshua is back on ice.
15:05 of 2nd period - Scott Laughton is hit by Brandon Hagel and loses puck.
15:20 of 2nd period - Scott Laughton is hit by Elias Pettersson and loses puck.
15:27 of 2nd period - Snap shot by Cody Ceci.
15:27 of 2nd period - Stopped by Connor Hellebuyck without a rebound.
15:28 of 2nd period - Lars Eller wins face-off versus Tomas Hertl in St.Louis Blues zone.
15:37 of 2nd period - Ryan Pulock is hit by Dakota Joshua and loses puck.
15:54 of 2nd period - Quinton Byfield is hit by Elias Pettersson and loses puck.
16:15 of 2nd period - Dougie Hamilton is hit by Robert Thomas and loses puck.
16:26 of 2nd period - Slapshot by Brayden Point.
16:26 of 2nd period - Stopped by Cam Talbot with a rebound.
16:36 of 2nd period - Elias Lindholm is hit by Scott Laughton and loses puck.
17:17 of 2nd period - Wrist shot by Jack Eichel.
17:17 of 2nd period - Deflect By Elias Pettersson.
17:17 of 2nd period - Shot Blocked by Aaron Ekblad.
17:17 of 2nd period - Puck is out of play.
17:18 of 2nd period - Jack Eichel wins face-off versus Wyatt Johnston in Toronto Maple Leafs zone.
17:47 of 2nd period - Snap shot by Quinton Byfield.
17:47 of 2nd period - Stopped by Connor Hellebuyck without a rebound.
17:48 of 2nd period - Robert Thomas wins face-off versus Tomas Hertl in St.Louis Blues zone.
17:53 of 2nd period - Snap shot by Robert Thomas.
17:53 of 2nd period - Stopped by Cam Talbot with a rebound.
17:55 of 2nd period - Slapshot by Brayden Point.
17:55 of 2nd period - Shot Misses the Net.
17:57 of 2nd period - Snap shot by Robert Thomas.
17:57 of 2nd period - Stopped by Cam Talbot with a rebound.
17:59 of 2nd period - Snap shot by Brayden Point.
17:59 of 2nd period - Shot Misses the Net.
18:01 of 2nd period - Wrist shot by Brandon Hagel.
18:01 of 2nd period - Stopped by Cam Talbot with a rebound.
18:03 of 2nd period - Slapshot by Jaccob Slavin.
18:03 of 2nd period - Shot Blocked by Aaron Ekblad.
18:05 of 2nd period - Wrist shot by Jaccob Slavin.
18:05 of 2nd period - Stopped by Cam Talbot with a rebound.
18:26 of 2nd period - Off-side.
18:27 of 2nd period - Jack Eichel wins face-off versus Wyatt Johnston in neutral zone.
18:44 of 2nd period - Nick Bjugstad is hit by Elias Pettersson and loses puck.
19:09 of 2nd period - Wrist shot by Brayden Point.
19:09 of 2nd period - Shot Misses the Net.
19:11 of 2nd period - Slapshot by Mikhail Sergachev.
19:11 of 2nd period - Goal by Mikhail Sergachev - Toronto Maple Leafs : 1 - St.Louis Blues : 1.
19:12 of 2nd period - Jack Eichel wins face-off versus Wyatt Johnston in neutral zone.
19:37 of 2nd period - Jake Guentzel is hit by Brady Tkachuk and loses puck.
Goals for this period are 1 for Toronto Maple Leafs vs 1 for St.Louis Blues.
Shots for this period are 9 for Toronto Maple Leafs vs 12 for St.Louis Blues.
3rd period
0:01 of 3rd period - Wyatt Johnston wins face-off versus Jack Eichel in neutral zone.
0:04 of 3rd period - Colton Parayko is hit by Quinton Byfield and loses puck.
0:16 of 3rd period - Minor Penalty to Alex Pietrangelo for Tripping.
0:17 of 3rd period - Tomas Hertl wins face-off versus Lars Eller in St.Louis Blues zone.
0:33 of 3rd period - Snap shot by Tomas Hertl.
0:33 of 3rd period - Stopped by Connor Hellebuyck with a rebound.
2:16 of 3rd period - Penalty to Alex Pietrangelo is over, Alex Pietrangelo is back on ice.
2:28 of 3rd period - Wrist shot by Nino Niederreiter.
2:28 of 3rd period - Shot Misses the Net.
3:00 of 3rd period - Mario Ferraro is hit by Brayden Point and loses puck.
3:13 of 3rd period - Nicolas Roy is hit by Alex Tuch.
3:19 of 3rd period - Aaron Ekblad is hit by Elias Lindholm and loses puck.
3:52 of 3rd period - Tomas Hertl is hit by Jaccob Slavin and loses puck.
4:24 of 3rd period - Brayden Point is hit by Dougie Hamilton and loses puck.
4:42 of 3rd period - Nick Leddy is hit by Cody Ceci and loses puck.
4:57 of 3rd period - Andrew Mangiapane is hit by Logan O'Connor and loses puck.
5:06 of 3rd period - Wrist shot by Logan O'Connor.
5:06 of 3rd period - Shot Blocked by Aaron Ekblad.
5:46 of 3rd period - Slapshot by Dougie Hamilton.
5:46 of 3rd period - Shot Misses the Net.
5:48 of 3rd period - Snap shot by Quinton Byfield.
5:48 of 3rd period - Stopped by Connor Hellebuyck with a rebound.
5:50 of 3rd period - Slapshot by Nick Bjugstad.
5:50 of 3rd period - Stopped by Connor Hellebuyck without a rebound.
5:51 of 3rd period - Nino Niederreiter wins face-off versus Robert Thomas in St.Louis Blues zone.
5:58 of 3rd period - Snap shot by Nicolas Roy.
5:58 of 3rd period - Shot Misses the Net.
6:00 of 3rd period - Slapshot by Mario Ferraro.
6:00 of 3rd period - Deflect By Nicolas Roy.
6:00 of 3rd period - Stopped by Connor Hellebuyck with a rebound.
6:02 of 3rd period - Wrist shot by Nicolas Roy.
6:02 of 3rd period - Stopped by Connor Hellebuyck with a rebound.
6:04 of 3rd period - Wrist shot by Nicolas Roy.
6:04 of 3rd period - Shot Blocked by Colton Parayko.
6:06 of 3rd period - Snap shot by Sam Bennett.
6:06 of 3rd period - Stopped by Connor Hellebuyck without a rebound.
6:07 of 3rd period - Jack Eichel wins face-off versus Wyatt Johnston in St.Louis Blues zone.
6:41 of 3rd period - Wrist shot by Alex Tuch.
6:41 of 3rd period - Stopped by Cam Talbot without a rebound.
6:42 of 3rd period - Robert Thomas wins face-off versus Tomas Hertl in Toronto Maple Leafs zone.
6:51 of 3rd period - Snap shot by Brayden Point.
6:51 of 3rd period - Stopped by Cam Talbot with a rebound.
7:15 of 3rd period - Backhand shot by Sam Bennett.
7:15 of 3rd period - Shot Blocked by Jack Eichel.
7:17 of 3rd period - Snap shot by Nicolas Roy.
7:17 of 3rd period - Stopped by Connor Hellebuyck with a rebound.
7:47 of 3rd period - Wrist shot by Mark Stone.
7:47 of 3rd period - Deflect By Elias Lindholm.
7:47 of 3rd period - Stopped by Cam Talbot with a rebound.
8:07 of 3rd period - Wrist shot by Wyatt Johnston.
8:07 of 3rd period - Shot Misses the Net.
9:33 of 3rd period - Minor Penalty to Alex Pietrangelo for Interference.
9:34 of 3rd period - Lars Eller wins face-off versus Wyatt Johnston in St.Louis Blues zone.
10:00 of 3rd period - Lars Eller is hit by Brady Tkachuk and loses puck.
10:09 of 3rd period - Wrist shot by Tomas Hertl.
10:09 of 3rd period - Deflect By Brady Tkachuk.
10:09 of 3rd period - Shot Blocked by Colton Parayko.
10:09 of 3rd period - Puck is out of play.
10:10 of 3rd period - Elias Lindholm wins face-off versus Quinton Byfield in St.Louis Blues zone.
11:33 of 3rd period - Penalty to Alex Pietrangelo is over, Alex Pietrangelo is back on ice.
11:41 of 3rd period - Wrist shot by Elias Lindholm.
11:41 of 3rd period - Shot Blocked by Cody Ceci.
12:11 of 3rd period - Cody Ceci is hit by Jake Guentzel and loses puck.
12:32 of 3rd period - Slapshot by Cody Ceci.
12:32 of 3rd period - Shot Misses the Net.
13:02 of 3rd period - Nick Leddy is hit by Nicolas Roy and loses puck.
13:21 of 3rd period - Icing by Nick Leddy.
13:22 of 3rd period - Jack Eichel wins face-off versus Tomas Hertl in St.Louis Blues zone.
13:24 of 3rd period - Icing by Nick Leddy.
13:25 of 3rd period - Jack Eichel wins face-off versus Tomas Hertl in St.Louis Blues zone.
13:47 of 3rd period - Icing by Dougie Hamilton.
13:48 of 3rd period - Robert Thomas wins face-off versus Tomas Hertl in Toronto Maple Leafs zone.
14:06 of 3rd period - Wrist shot by Tomas Hertl.
14:06 of 3rd period - Shot Blocked by Mikhail Sergachev.
14:10 of 3rd period - Wrist shot by Tomas Hertl.
14:10 of 3rd period - Stopped by Connor Hellebuyck with a rebound.
14:12 of 3rd period - Snap shot by Sean Walker.
14:12 of 3rd period - Shot Blocked by Jaccob Slavin.
14:14 of 3rd period - Snap shot by Dougie Hamilton.
14:14 of 3rd period - Stopped by Connor Hellebuyck with a rebound.
14:16 of 3rd period - Wrist shot by Tomas Hertl.
14:16 of 3rd period - Shot Blocked by Jaccob Slavin.
14:52 of 3rd period - Snap shot by Brady Tkachuk.
14:52 of 3rd period - Stopped by Connor Hellebuyck without a rebound.
14:53 of 3rd period - Wyatt Johnston wins face-off versus Jack Eichel in St.Louis Blues zone.
14:56 of 3rd period - Wrist shot by Quinton Byfield.
14:56 of 3rd period - Stopped by Connor Hellebuyck with a rebound.
15:26 of 3rd period - Off-side.
15:27 of 3rd period - Wyatt Johnston wins face-off versus Elias Lindholm in neutral zone.
15:35 of 3rd period - Minor Penalty to Alex Tuch for Holding.
15:36 of 3rd period - Elias Lindholm wins face-off versus Wyatt Johnston in St.Louis Blues zone.
16:26 of 3rd period - Slapshot by Lars Eller.
16:26 of 3rd period - Shot Misses the Net.
17:35 of 3rd period - Penalty to Alex Tuch is over, Alex Tuch is back on ice.
17:47 of 3rd period - Snap shot by Elias Lindholm.
17:47 of 3rd period - Stopped by Cam Talbot with a rebound.
17:49 of 3rd period - Slapshot by Nick Leddy.
17:49 of 3rd period - Shot Misses the Net.
17:51 of 3rd period - Wrist shot by Elias Lindholm.
17:51 of 3rd period - Shot Misses the Net.
17:53 of 3rd period - Snap shot by Alex Tuch.
17:53 of 3rd period - Shot Misses the Net.
17:55 of 3rd period - Snap shot by Elias Lindholm.
17:55 of 3rd period - Stopped by Cam Talbot with a rebound.
17:57 of 3rd period - Slapshot by Nick Leddy.
17:57 of 3rd period - Shot Misses the Net.
17:59 of 3rd period - Snap shot by Alex Tuch.
17:59 of 3rd period - Shot Misses the Net.
18:01 of 3rd period - Wrist shot by Jaccob Slavin.
18:01 of 3rd period - Shot Blocked by Sean Walker.
18:03 of 3rd period - Slapshot by Jaccob Slavin.
18:03 of 3rd period - Deflect By Elias Lindholm.
18:03 of 3rd period - Shot Blocked by Nicolas Roy.
18:03 of 3rd period - Puck is out of play.
18:04 of 3rd period - Scott Laughton wins face-off versus Robert Thomas in Toronto Maple Leafs zone.
18:11 of 3rd period - Alex Pietrangelo is hit by Cody Ceci and loses puck.
18:22 of 3rd period - Scott Laughton is hit by Brandon Hagel and loses puck.
18:33 of 3rd period - Elias Pettersson is hit by Mario Ferraro and loses puck.
18:42 of 3rd period - Slapshot by Brady Tkachuk.
18:42 of 3rd period - Stopped by Connor Hellebuyck with a rebound.
18:44 of 3rd period - Wrist shot by Troy Terry.
18:44 of 3rd period - Shot Blocked by Alex Pietrangelo.
18:54 of 3rd period - Alex Pietrangelo is hit by Nicolas Roy and loses puck.
Goals for this period are 0 for Toronto Maple Leafs vs 0 for St.Louis Blues.
Shots for this period are 12 for Toronto Maple Leafs vs 5 for St.Louis Blues.
Overtime #1
0:01 of 1st overtime period - Wyatt Johnston wins face-off versus Jack Eichel in neutral zone.
0:32 of 1st overtime period - Tomas Hertl is hit by Colton Parayko.
1:59 of 1st overtime period - Brandon Saad is hit by Mark Stone and loses puck.
2:28 of 1st overtime period - Jack Eichel is hit by Sean Walker and loses puck.
3:39 of 1st overtime period - Aaron Ekblad is hit by Brandon Hagel and loses puck.
Goals for this period are 0 for Toronto Maple Leafs vs 0 for St.Louis Blues.
Shots for this period are 0 for Toronto Maple Leafs vs 0 for St.Louis Blues.
ShootOut
5:00 of 1st overtime period - Round #1.
5:00 of 1st overtime period - Toronto Maple Leafs, Brady Tkachuk.
5:00 of 1st overtime period - Snap shot by Brady Tkachuk.
5:00 of 1st overtime period - Stopped by Connor Hellebuyck.
5:00 of 1st overtime period - St.Louis Blues, Elias Pettersson.
5:00 of 1st overtime period - Deke by Elias Pettersson.
5:00 of 1st overtime period - Goal by Elias Pettersson.
5:00 of 1st overtime period - Round #2.
5:00 of 1st overtime period - Toronto Maple Leafs, Tomas Hertl.
5:00 of 1st overtime period - Snap shot by Tomas Hertl.
5:00 of 1st overtime period - Shot Misses the Net.
5:00 of 1st overtime period - St.Louis Blues, Jack Eichel.
5:00 of 1st overtime period - Backhand shot by Jack Eichel.
5:00 of 1st overtime period - Shot Misses the Net.
5:00 of 1st overtime period - Round #3.
5:00 of 1st overtime period - Toronto Maple Leafs, Nick Bjugstad.
5:00 of 1st overtime period - Snap shot by Nick Bjugstad.
5:00 of 1st overtime period - Stopped by Connor Hellebuyck.
Back to the Top